 Dungeon Crawl Stone Soup version 0.24.1 (webtiles) character file.

Game seed: 9385420586134107371, levelgen mode: deterministic

203 Destapler the Chiller (level 5, -4/38 HPs)
             Began as a Merfolk Ice Elementalist on Mar 30, 2020.
             Was an Initiate of Vehumet.
             Slain by an orc wizard
             ... wielding a +0 dagger
              (6 damage)
             ... on level 3 of the Dungeon.
             The game lasted 00:13:10 (3015 turns).

Destapler the Chiller (Merfolk Ice Elementalist)    Turns: 3015, Time: 00:13:11

Health: -4/38      AC:  2    Str:  9    XL:     5   Next: 81%
Magic:  0/8        EV: 13    Int: 15    God:    Vehumet [......]
Gold:   125        SH:  0    Dex: 14    Spells: 2/9 levels left

rFire    . . .     SeeInvis .   a - +1 dagger (pain)
rCold    . . .     Gourm    .   (no shield)
rNeg     . . .     Faith    .   t - +0 robe
rPois    +         Spirit   .   (no helmet)
rElec    .         Reflect  .   (no cloak)
rCorr    .         Harm     .   (no gloves)
MR       .....                  (no boots)
Stlth    ++........             (no amulet)
HPRegen  0.12/turn              i - ring of poison resistance
MPRegen  0.11/turn              (no ring)

@: slowed, very slow
A: change form in water, swift swim, stealthy swim
a: Renounce Religion


You were on level 3 of the Dungeon.
You worshipped Vehumet.
Vehumet was noncommittal.
You were not hungry.

You visited 1 branch of the dungeon, and saw 3 of its levels.

You collected 125 gold pieces.

Inventory:

Hand Weapons
 a - a +1 dagger of pain (weapon)
Missiles
 g - 37 stones (quivered)
Armour
 t - a +0 robe (worn)
Jewellery
 i - a ring of poison resistance (left hand)
Scrolls
 e - a scroll of enchant weapon {unknown}
 h - 2 scrolls of teleportation {unknown}
 l - 2 scrolls of identify {unknown}
Potions
 b - a potion of berserk rage {unknown}
 d - 2 potions of haste {unknown}
 f - 2 potions of magic {unknown}
 k - 2 potions of curing {unknown}
 m - 2 potions of might {unknown}
Comestibles
 c - 7 rations
 j - 14 chunks of flesh


   Skills:
 + Level 1.7 Fighting
 - Level 2.6 Dodging
 - Level 2.1 Stealth
 + Level 2.5 Spellcasting
 + Level 1.1 Conjurations
 * Level 1.3 Translocations
 + Level 5.7 Ice Magic


You had 2 spell levels left.
You knew the following spells:

 Your Spells              Type           Power        Failure   Level  Hunger
a - Freeze                Ice            ###.         1%          1    #......
b - Throw Icicle          Conj/Ice       ##......     45%         4    #####..
B - Blink                 Tloc           N/A          19%         2    ###....

Your spell library contained the following spells:

 Spells                   Type           Power        Failure   Level  Hunger
 Throw Frost              Conj/Ice       ##....       8%          2    ###....
 Magic Dart               Conj           #...         13%         1    #......
 Call Imp                 Summ           #.......     32%         2    ###....
 Slow                     Hex            #.......     32%         2    ###....
 Ozocubu's Armour         Chrm/Ice       ##......     19%         3    ###....
 Conjure Flame            Conj/Fire      #.......     45%         3    ###....
 Mephitic Cloud           Conj/Pois/Air  #.......     47%         3    ###....
 Summon Ice Beast         Ice/Summ       ##......     54%         4    #####..


Dungeon Overview and Level Annotations

Branches:
Dungeon (3/15)

Altars:
Elyvilon
Gozag
Kikubaaqudgha
Trog
Uskayaw
Vehumet
Wu Jian


Message History

The orc wizard is heavily wounded.
The orc wizard hits you but does no damage.
The orc barely misses you.
The orc wizard gestures at you while chanting.
You feel as though you will be slow longer.
The orc barely misses you.
The orc wizard mumbles some strange words.
The orc wizard blinks!
The orc wizard casts a spell at you.
You feel as though you will be slow longer.
The orc misses you. The orc misses you.
The orc hits you from afar with a cursed -1 trident.
* * * LOW HITPOINT WARNING * * *
A quokka comes into view.
Casting: Freeze (safe; 1% risk of failure)
Confirm with . or Enter, or press ? or * to list all spells.
You blink.
The orc wizard misses you. The orc barely misses you.
The orc wizard hits you with a +0 dagger.
You die...

#.# #.# #.# #.# #.# #ยง#
#.## #o.# ##@# #[
######o#######....
#......()...o.(......#
#.#####.##)##.#......###
#.##.##.##.....#.#
#.##.#............
#.##..#...##......
#..)..............
#####.#...##.>....


You could see an orc wizard and an orc.

Vanquished Creatures
  A hound (D:2)
  An orc wizard (D:3)
  3 gnolls (D:2)
  4 adders
  An ooze (D:3)
  A worm (D:2)
  2 dart slugs
  4 leopard geckos
  2 orcs (D:3)
  8 bats
  A giant cockroach (D:1)
  9 goblins
  11 hobgoblins
  2 jackals (D:1)
  A ball python (D:3)
  5 frilled lizards
  3 kobolds
  5 rats
64 creatures vanquished.

Notes
Turn   | Place    | Note
-------+----------+-------------------------------------------
     0 | D:1      | Destapler the Merfolk Ice Elementalist began the quest for
                  | the Orb.
     0 | D:1      | Reached XP level 1. HP: 13/13 MP: 3/3
   183 | D:1      | Reached XP level 2. HP: 19/19 MP: 1/5
   220 | D:1      | Reached skill level 4 in Ice Magic
   650 | D:1      | Reached XP level 3. HP: 18/24 MP: 2/6
   969 | D:2      | Reached skill level 5 in Ice Magic
   969 | D:2      | Reached XP level 4. HP: 26/30 MP: 3/7
  1063 | D:2      | Found a radiant altar of Vehumet.
  1070 | D:2      | Became a worshipper of Vehumet
  1289 | D:2      | Found a hide-covered altar of Uskayaw.
  1412 | D:2      | Reached skill level 1 in Fighting
  1441 | D:2      | Learned a level 2 spell: Blink
  1466 | D:2      | Learned a level 4 spell: Throw Icicle
  1676 | D:2      | Found an ancient bone altar of Kikubaaqudgha.
  1998 | D:2      | Found a radiant altar of Vehumet.
  2057 | D:2      | Reached XP level 5. HP: 8/37 MP: 3/8
  2360 | D:2      | Found an ancient bone altar of Kikubaaqudgha.
  2579 | D:2      | Found a hide-covered altar of Uskayaw.
  2749 | D:3      | Reached skill level 1 in Conjurations
  2807 | D:3      | Found an ornate altar of the Wu Jian Council.
  2810 | D:3      | Found an opulent altar of Gozag.
  2820 | D:3      | Found a bloodstained altar of Trog.
  2828 | D:3      | Found a white marble altar of Elyvilon.
  2879 | D:3      | Reached skill level 1 in Translocations
  3015 | D:3      | Slain by an orc wizard

Levels and vault maps discovered:
D:1:      erik_arrival_blinker_ship, layout_basic, minmay_tall_x
D:2:      layout_loops_ring, marbit_many_paths, lemuel_round_altar,
          kiku_gazebo_pond_becter
D:3:      cheibrodos_pilgrimage, layout_loops_ring,
          grunt_temple_overflow_cloverleaf

Skill      XL: |  1  2  3  4  5 |
---------------+----------------+-----
Ice Magic      | 4 5 |  5.7
Fighting       | 1 |  1.7
Conjurations   | 1 |  1.1
Translocations | 1 |  1.3
Dodging        | |  2.6
Stealth        | |  2.1
Spellcasting   | |  2.5

Action                   |  1- 3 |  4- 6 || total
-------------------------+-------+-------++-------
Melee: Unarmed           |     7 |       ||     7
       Club              |     7 |       ||     7
       Dagger            |    17 |    35 ||    52
Throw: Stone             |     8 |     9 ||    17
 Cast: Freeze            |    34 |    56 ||    90
       Blink             |       |     3 ||     3
 Stab: Sleeping          |     5 |     4 ||     9
       Distracted        |       |     1 ||     1
  Eat: Chunk             |     1 |     7 ||     8
Armor: Robe              |     8 |    14 ||    22
Dodge: Dodged            |    39 |    51 ||    90
